Map: Pillars of Gold LE

Players

Gaffle

  • Race: Zerg Zerg
  • League: Diamond
  • Spawn Location: 7:00

Heeebster - Winner!

  • Race: Protoss Protoss
  • League: Diamond
  • Spawn Location: 1:00

VOD

Have the link to the VOD?

Description

Time

  • Played on: Nov. 17, 2020, 12:41 p.m.
  • Length: 4:12
Show
View Real Time Build Order
Export as new Build Order

Gaffle Zerg 

Build Orders: Hatch First 

Get SALT Encoding   

  12  0:00  Drone  
  13  0:13  Overlord  
  13  0:18  Drone  
  14  0:32  Drone  
  15  0:48  Hatchery  
  14  0:51  Drone  
  14  0:55  Drone  
  16  0:59  Drone  
  16  1:03  Drone  
  18  1:19  Spawning Pool  
  18  1:21  Drone  
  18  1:25  Drone  
  19  1:27  Extractor  
  18  1:37  Drone  
  19  1:47  Overlord  
  19  1:57  Drone  
  20  2:01  Drone  
  20  2:06  Queen  
  20  2:07  Queen  
  25  2:09  Zergling x2  
  25  2:12  Drone  
  27  2:18  Drone  
  28  2:24  Drone  
  28  2:28  Spine Crawler  
  28  2:30  Spine Crawler  
  27  2:39  Metabolic Boost  
  27  2:43  Zergling x4  
  25  3:09  Zergling x2  
  25  3:10  Zergling x2  
  27  3:18  Zergling x2  
  28  3:23  Zergling x2  
  28  3:35  Zergling x2  
  24  3:46  Zergling x6  
Show
View Real Time Build Order
Export as new Build Order

Heeebster Protoss - Winner!

Build Orders:  

Get SALT Encoding   

  12  0:02  Probe  
  13  0:14  Probe  
  14  0:26  Probe  
  15  0:43  Pylon  
  15  1:05  Gateway  
  15  1:06  Gateway  
  15  1:08  Gateway  
  15  1:11  Gateway  
  15  1:14  Probe  
  16  1:26  Probe  
  16  1:28  Pylon  
  17  1:51  Zealot (Chrono Boost)  
  17  1:52  Zealot (Chrono Boost)  
  25  2:02  Zealot (Chrono Boost)  
  25  2:03  Pylon  
  25  2:04  Zealot (Chrono Boost)  
  25  2:09  Zealot (Chrono Boost)  
  29  2:23  Zealot (Chrono Boost)  
  29  2:29  Zealot (Chrono Boost)  
  31  2:30  Zealot (Chrono Boost)  
  33  2:42  Zealot  
  35  2:53  Zealot (Chrono Boost)  
  35  2:54  Zealot (Chrono Boost)  
  39  3:23  Pylon  
  39  3:29  Pylon  
  39  3:41  Zealot x2  
  39  3:43  Zealot  
Tags
 
Matchup
PvZ
Replay Pack
Replays
Spawn Locations
Cross Positions
Add a new tag
Caveats
  • Supply blocks, unpowered buildings, or Contaminate may cause inaccurate times.
  • Supply counts are checked every 10 seconds.